AoeStats
← Sylar

Arena

516327229Analyzed
3v3 RM · 10d ago on Oct 25, 2026· 70m 43s· 6 players
Game mode
Random Map
Map size
Normal (6 player)
Population
200
Speed
Normal
Resources
Standard
Victory
Conquest
Starting age
Dark Age
Ending age
Imperial Age
RankedLock teamsTeams togetherTeam positionsShared explorationLock speedFull tech treeHidden civsTurbo modeCheats
Victory
Defeat
🇫🇷 Mongols · France
787
+17
🇫🇷 Byzantines · France
773
+18
🇫🇷 Goths · France
764
+18
vs
🇮🇳 Turks · India
852
-18
🇮🇳 Cumans · India
814
-18
🇮🇳 Vietnamese · India
790
-17
Nomisteak
8:18 Loom
10:39 Feudal Age
11:11 Double-Bit Axe
12:06 Loom
15:57 Horse Collar
18:34 Castle Age
18:18 Gold Mining
18:22 Stone Mining
18:19 Man-at-Arms
20:08 Long Swordsman
20:51 Squires
22:05 Bow Saw
23:34 Wheelbarrow
24:21 Forging
24:54 Heavy Plow
26:21 Town Watch
27:13 Hand Cart
30:31 Stone Shaft Mining
30:16 Anarchy
31:10 Elite Skirmisher
37:41 Padded Archer Armor
37:31 Fletching
38:24 Murder Holes
38:12 Treadmill Crane
38:53 Ballistics
38:44 Masonry
38:40 Scale Mail Armor
42:06 Imperial Age
42:55 Town Patrol
46:34 Architecture
47:06 Chemistry
49:41 Chain Mail Armor
50:02 Iron Casting
55:01 Blast Furnace
56:29 Caravan
67:52 Pikeman
68:34 Halberdier
CrêpeCaramel
3:25 Loom
9:54 Feudal Age
10:29 Double-Bit Axe
10:27 Horse Collar
18:29 Castle Age
16:54 Stone Mining
19:33 Bow Saw
19:28 Heavy Plow
21:54 Gold Mining
25:30 Forging
25:36 Squires
27:05 Scale Mail Armor
28:43 Wheelbarrow
29:04 Husbandry
30:08 Gold Shaft Mining
33:34 Imperial Age
31:24 Hand Cart
33:11 Iron Casting
32:53 Scale Barding Armor
32:47 Light Cavalry
34:03 Thumb Ring
33:19 Elite Skirmisher
34:36 Padded Archer Armor
34:27 Fletching
35:43 Bodkin Arrow
36:04 Leather Archer Armor
35:23 Pikeman
35:38 Hussar
36:10 Halberdier
38:29 Ring Archer Armor
38:02 Bracer
38:33 Ring Archer Armor
38:43 Ballistics
38:34 Fortified Wall
38:05 Treadmill Crane
40:25 Chain Mail Armor
40:31 Chain Barding Armor
39:37 Elite Cataphract
40:58 Gambesons
41:00 Arson
40:55 Cavalier
43:01 Heavy Camel Rider
47:47 Paladin
52:48 Caravan
54:39 Hoardings
54:26 Conscription
63:55 Plate Barding Armor
63:53 Plate Mail Armor
68:01 Logistica
70:18 Chemistry
69:04 Arrowslits
69:09 Guard Tower
69:15 Murder Holes
Sylar
1:04 Loom
11:26 Feudal Age
20:50 Castle Age
19:23 Horse Collar
19:30 Double-Bit Axe
19:40 Gold Mining
19:40 Stone Mining
20:12 Scale Barding Armor
21:58 Bloodlines
23:02 Bow Saw
23:27 Heavy Plow
25:26 Wheelbarrow
26:11 Town Watch
27:56 Forging
29:33 Hand Cart
30:31 Husbandry
35:00 Town Patrol
39:46 Imperial Age
37:24 Nomads
38:20 Fletching
38:31 Padded Archer Armor
39:09 Iron Casting
38:54 Chain Barding Armor
39:27 Bodkin Arrow
39:53 Elite Mangudai
40:54 Conscription
41:02 Drill
42:31 Gold Shaft Mining
42:33 Stone Shaft Mining
41:55 Elite Skirmisher
43:01 Parthian Tactics
42:42 Thumb Ring
45:18 Leather Archer Armor
47:47 Heavy Camel Rider
54:27 Light Cavalry
57:15 Capped Ram
59:29 Siege Ram
65:08 Hussar
68:26 Squires
67:47 Pikeman
68:12 Arson
Avicii Enjoyer
12:21 Feudal Age
16:34 Castle Age
18:15 Double-Bit Axe
21:32 Imperial Age
25:56 Padded Archer Armor
44:30 Leather Archer Armor
47:51 Ring Archer Armor
63:08 Loom
63:58 Wheelbarrow
63:08 Town Watch
66:29 Ballistics
bmo
11:05 Feudal Age
12:01 Loom
15:11 Castle Age
13:17 Double-Bit Axe
16:14 Horse Collar
17:39 Gold Mining
18:13 Bow Saw
20:15 Gold Shaft Mining
21:58 Heavy Plow
25:57 Bloodlines
28:31 Scale Barding Armor
28:38 Forging
30:13 Chain Barding Armor
30:07 Stone Mining
38:40 Imperial Age
36:47 Wheelbarrow
36:50 Steppe Husbandry
38:05 Hand Cart
38:28 Capped Ram
38:57 Elite Steppe Lancer
40:55 Plate Barding Armor
40:57 Iron Casting
42:55 Crop Rotation
43:28 Two-Man Saw
45:22 Blast Furnace
44:23 Scale Mail Armor
47:21 Conscription
48:56 Siege Ram
55:38 Cavalier
58:39 Paladin
z1mpuL
12:44 Feudal Age
14:57 Town Watch
15:54 Wheelbarrow
15:07 Loom
17:32 Double-Bit Axe
22:09 Stone Mining
22:18 Gold Mining
23:09 Horse Collar
29:50 Castle Age
28:06 Forging
38:26 Squires
38:12 Arson
37:48 Pikeman
37:49 Man-at-Arms
38:52 Chatras
40:23 Caravan
48:03 Husbandry
47:57 Long Swordsman
49:29 Heavy Plow
53:30 Elite Skirmisher
53:31 Crossbowman
54:16 Thumb Ring
59:03 Bow Saw
Connection lost

Rejoining the realm…

Still unreachable

The connection could not be restored.

Session expired

The server has moved on; the page needs a fresh start.